Map: Dusk Towers

Players

nrG - Winner!

  • Race: Protoss Protoss
  • League: Platinum

Trizztein

  • Race: Terran Terran
  • League: Platinum

VOD

Have the link to the VOD?

Description

Time

  • Played on: Jan. 3, 2016, 6:38 p.m.
  • Length: 15:48
Show
View Real Time Build Order
Export as new Build Order

nrG Protoss - Winner!

Build Orders: 1 Gate Expand 

Get SALT Encoding   

  12  0:01  Probe (Chrono Boost)  
  13  0:11  Probe (Chrono Boost)  
  14  0:19  Pylon  
  14  0:23  Probe (Chrono Boost)  
  15  0:38  Probe (Chrono Boost)  
  15  0:40  Gateway  
  16  0:48  Probe (Chrono Boost), Assimilator  
  17  1:16  Nexus  
  17  1:19  Probe (Chrono Boost)  
  18  1:32  Cybernetics Core  
  18  1:34  Probe (Chrono Boost)  
  19  1:43  Assimilator  
  19  1:47  Probe (Chrono Boost)  
  20  1:58  Probe (Chrono Boost)  
  20  2:08  Probe (Chrono Boost), Adept  
  23  2:16  Pylon  
  23  2:22  Warp Gate  
  23  2:28  Mothership Core (Chrono Boost)  
  25  2:32  Probe (Chrono Boost)  
  25  2:43  Probe (Chrono Boost)  
  26  2:46  Probe (Chrono Boost)  
  26  2:49  Stalker  
  29  2:53  Probe (Chrono Boost)  
  29  2:57  Probe (Chrono Boost)  
  31  3:04  Probe (Chrono Boost)  
  32  3:07  Probe (Chrono Boost)  
  32  3:11  Robotics Facility  
  33  3:14  Probe (Chrono Boost)  
  33  3:18  Probe (Chrono Boost)  
  35  3:25  Probe (Chrono Boost)  
  36  3:28  Probe (Chrono Boost)  
  37  3:35  Probe (Chrono Boost)  
  37  3:36  Gateway  
  37  3:37  Gateway  
  38  3:48  Probe x2 (Chrono Boost)  
  40  3:52  Gateway  
  40  3:57  Probe (Chrono Boost)  
  40  3:58  Probe (Chrono Boost)  
  40  3:59  Warp Prism (Chrono Boost)  
  44  4:07  Probe  
  45  4:12  Probe  
  44  4:18  Probe  
  44  4:23  Pylon  
  45  4:25  Pylon  
  45  4:26  Pylon, Assimilator  
  45  4:27  Assimilator  
  45  4:38  Probe  
  46  4:42  Probe  
  46  4:43  Observer (Chrono Boost)  
  48  4:51  Probe  
  49  4:58  Nexus, Pylon  
  49  5:01  Pylon  
  49  5:04  Adept x4  
  49  5:07  Probe  
  58  5:08  Probe  
  59  5:16  Twilight Council, Observer (Chrono Boost)  
  58  5:34  Probe  
  58  5:35  Probe  
  56  5:44  Probe  
  56  5:48  Probe  
  54  5:51  Stalker x4  
  54  5:54  Blink (Chrono Boost)  
  62  6:01  Robotics Bay  
  62  6:02  Probe  
  62  6:03  Probe  
  64  6:12  Probe  
  64  6:15  Robotics Facility  
  65  6:22  Forge  
  65  6:23  Probe, Forge  
  65  6:24  Probe  
  67  6:28  Pylon  
  67  6:30  Observer  
  67  6:32  Probe  
  68  6:34  Probe  
  68  6:39  Pylon  
  70  6:46  Gateway  
  70  6:47  Gateway  
  70  6:49  Gateway  
  70  6:51  Disruptor  
  73  6:59  Probe  
  73  7:00  Probe x2  
  75  7:07  Stalker, Pylon  
  75  7:08  Stalker x2, Assimilator  
  82  7:13  Disruptor, Assimilator  
  82  7:15  Protoss Ground Weapons Level 1 (Chrono Boost)  
  85  7:16  Protoss Ground Armor Level 1 (Chrono Boost)  
  85  7:19  Probe  
  86  7:23  Probe  
  87  7:36  Disruptor  
  87  7:39  Probe  
  87  7:40  Probe x2  
  87  7:43  Stalker x3  
  87  7:44  Stalker  
  101  7:51  Disruptor  
  104  8:00  Gateway, Resonating Glaives  
  104  8:01  Gateway  
  104  8:03  Gateway  
  104  8:10  Stalker x2  
  104  8:11  Stalker x3  
  114  8:18  Disruptor  
  117  8:27  Disruptor  
  120  8:34  Pylon  
  120  8:36  Pylon  
  120  8:38  Pylon  
  120  8:41  Pylon  
  120  8:42  Pylon  
  120  8:54  Nexus  
  120  9:01  Protoss Ground Armor Level 2 (Chrono Boost), Protoss Ground Weapons Level 2 (Chrono Boost)  
  120  9:06  Adept x2  
  120  9:07  Adept x4  
  120  9:08  Adept x2  
  136  9:12  Disruptor  
  139  9:17  Dark Shrine  
  139  9:32  Warp Prism  
  139  9:36  Adept  
  139  9:37  Adept x6  
  150  9:55  Stargate x2  
  150  9:57  Stargate x2  
  144  10:13  Stalker x3, Probe  
  144  10:14  Stalker x2  
  147  10:15  Probe x2  
  150  10:24  Probe  
  150  10:27  Probe  
  152  10:51  Disruptor x2  
  158  11:00  Fleet Beacon  
  158  11:05  Assimilator  
  158  11:09  Assimilator  
  158  11:12  Protoss Ground Weapons Level 3 (Chrono Boost), Protoss Ground Armor Level 3 (Chrono Boost)  
  158  11:25  Pylon  
  158  11:26  Pylon  
  158  11:32  Zealot x4  
  162  11:33  Zealot x3  
  158  11:50  Tempest x2  
  156  12:11  Tempest x2  
  156  12:12  Disruptor  
  156  12:13  Disruptor  
  166  12:41  Tempest  
  166  12:42  Tempest  
  174  12:53  Probe  
  174  12:54  Probe x2  
  176  13:06  Probe  
  177  13:16  Disruptor  
  180  13:28  Pylon  
  180  13:29  Pylon  
  180  13:44  Probe x2  
  180  13:45  Tempest  
  180  13:46  Probe x2  
  180  13:47  Disruptor, Tempest  
  195  13:55  Nexus  
  195  13:56  Pylon  
  195  14:08  Dark Templar  
  195  14:11  Tempest  
  168  14:26  Mothership Core  
  170  14:33  Pylon  
  170  14:36  Pylon  
  182  14:53  Stalker x5  
  182  14:54  Stalker x4  
Show
View Real Time Build Order
Export as new Build Order

Trizztein Terran 

Build Orders: Reaper Expand, MMM Bio 

Get SALT Encoding   

  12  0:01  SCV  
  13  0:13  SCV  
  14  0:18  Supply Depot  
  14  0:25  SCV  
  15  0:39  SCV  
  15  0:40  Barracks  
  16  0:44  Refinery  
  16  0:51  SCV  
  17  1:04  SCV  
  18  1:16  SCV  
  19  1:28  Orbital Command  
  19  1:29  Reaper  
  20  1:42  Command Center  
  20  1:54  SCV  
  21  2:06  SCV  
  22  2:10  Barracks Reactor  
  22  2:14  Supply Depot  
  22  2:18  SCV  
  23  2:26  Command Center  
  23  2:36  SCV  
  24  2:40  Factory  
  24  2:48  SCV  
  24  2:49  Marine  
  24  2:50  Marine  
  27  2:53  Refinery  
  27  3:04  Orbital Command  
  27  3:06  SCV  
  27  3:07  Marine x2  
  30  3:18  SCV  
  31  3:24  Factory Tech Lab  
  31  3:29  Barracks, Marine x2  
  31  3:31  SCV  
  34  3:36  SCV  
  35  3:43  SCV, Orbital Command  
  37  3:48  SCV  
  37  3:51  Cyclone  
  37  3:55  SCV  
  41  4:00  SCV  
  42  4:07  SCV  
  42  4:09  SCV  
  44  4:12  SCV  
  45  4:19  SCV, Barracks Tech Lab  
  45  4:20  Barracks  
  45  4:22  SCV  
  47  4:24  Supply Depot  
  47  4:29  SCV  
  48  4:31  SCV  
  48  4:34  SCV  
  48  4:35  Marine x2  
  48  4:36  Cyclone  
  54  4:41  Refinery x2  
  54  4:42  Engineering Bay  
  54  4:44  SCV  
  55  4:46  Stimpack, Orbital Command  
  55  4:47  Marine  
  56  4:57  Marine x2  
  56  4:58  SCV x2  
  60  5:06  Marine  
  61  5:10  SCV x2  
  61  5:11  Supply Depot  
  63  5:15  Supply Depot  
  63  5:18  SCV  
  63  5:19  Starport  
  64  5:22  Factory Reactor  
  64  5:24  Marine  
  59  5:42  SCV x3  
  55  5:54  SCV  
  56  5:58  SCV  
  56  5:59  Terran Infantry Weapons Level 1, SCV  
  56  6:00  Combat Shields  
  58  6:05  Marauder, Marine  
  58  6:06  Marauder  
  58  6:07  Marine  
  58  6:08  Medivac x2  
  68  6:11  Factory Reactor  
  68  6:12  Starport  
  68  6:13  SCV x2  
  68  6:14  SCV  
  71  6:19  Supply Depot  
  71  6:22  Missile Turret  
  71  6:23  Missile Turret  
  71  6:25  SCV x2, Marine x2  
  71  6:26  SCV  
  71  6:27  Marauder x2  
  80  6:38  SCV x2, Supply Depot  
  80  6:39  Supply Depot  
  82  6:40  SCV, Refinery x2  
  82  6:44  Medivac x2  
  87  6:47  Concussive Shells  
  87  6:48  Marauder  
  87  6:50  SCV x2  
  91  6:57  Liberator x2  
  91  7:01  SCV  
  91  7:02  SCV x2  
  91  7:05  Marine  
  91  7:06  Marine x2  
  97  7:10  Marauder  
  97  7:14  SCV, Barracks  
  97  7:15  Barracks  
  106  7:24  Marauder  
  106  7:26  Liberator  
  106  7:27  Liberator  
  98  7:33  Marine x3  
  98  7:37  SCV x2  
  93  7:40  SCV  
  100  7:45  Marine  
  100  7:49  SCV x2  
  100  7:50  Supply Depot  
  100  7:51  Marine x2  
  103  7:52  SCV, Marauder  
  103  7:53  Terran Infantry Armor Level 1  
  103  7:54  Supply Depot x2, Liberator  
  109  8:11  SCV x2, Marine x2  
  116  8:16  Marauder x2  
  116  8:18  Barracks Tech Lab  
  119  8:20  Barracks Reactor  
  119  8:22  SCV  
  119  8:25  Supply Depot  
  119  8:26  Sensor Tower  
  118  8:29  Marine x2  
  118  8:32  Armory  
  118  8:33  Engineering Bay  
  120  8:34  SCV  
  120  8:37  Marine x2  
  120  8:38  Liberator x2  
  120  8:39  Marauder  
  120  8:40  SCV  
  126  8:43  Missile Turret  
  126  8:44  Factory Reactor  
  126  8:47  Marine x2  
  128  8:49  Missile Turret  
  128  8:54  Medivac x2  
  128  8:55  Marine  
  141  8:56  Marauder  
  141  9:22  Supply Depot  
  141  9:23  Marine x7  
  140  9:26  Supply Depot  
  140  9:27  Supply Depot  
  140  9:29  Supply Depot  
  140  9:41  Marine  
  140  9:43  Supply Depot, Marine  
  140  9:44  Supply Depot x2, Marauder, Marine x4  
  148  9:59  Marine  
  149  10:01  Ghost Academy, Marine x4  
  149  10:02  Marauder  
  149  10:05  Marauder  
  149  10:07  Terran Infantry Armor Level 2  
  156  10:16  Marine  
  156  10:19  Marine x4  
  159  10:21  Barracks x3  
  151  10:41  Marine  
  151  10:42  Marine x6  
  130  10:59  Marine x4  
  130  11:00  Marine x3  
  130  11:01  Command Center, Terran Infantry Weapons Level 2  
  137  11:13  Barracks Reactor  
  137  11:14  Barracks Tech Lab x2  
  137  11:16  Liberator x3  
  137  11:17  Marine x3  
  120  11:23  Marine x4  
  123  11:35  Marine x3  
  135  11:41  Marauder x3  
  130  11:47  Marine x2  
  130  11:48  Marine  
  130  11:53  Marine x2  
  133  12:05  Liberator x2  
  133  12:06  Liberator x2, Marine x6  
  128  12:11  Marine x2  
  127  12:17  SCV  
  127  12:18  SCV  
  122  12:23  Marine  
  125  12:33  SCV, Marine  
  125  12:34  Marine x6  
  131  12:41  Marine  
  132  12:48  Barracks, Liberator x2  
  132  12:49  Barracks  
  132  12:51  Marine x3  
  132  12:52  Marauder x3, Marine  
  137  13:12  Marauder, Marine x4  
  147  13:13  Marine  
  147  13:14  Marauder x2  
  152  13:29  Marine  
  152  13:30  Marine x3  
  152  13:31  Marine  
  152  13:33  Marine  
  158  13:34  Marine  
  158  13:36  Marine  
  158  13:38  Sensor Tower  
  160  13:45  Command Center  
  160  13:47  Marine x2  
  160  13:48  Marine  
  163  13:54  Barracks Tech Lab  
  163  13:56  Marine x5  
  163  13:57  Marauder, Marine  
  171  14:02  Command Center  
  171  14:15  Marauder  
  143  14:21  Marine x10  
  114  14:36  Marine  
  114  14:37  Missile Turret  
  115  14:38  Marine x2  
  115  14:41  Marauder x3  
  121  14:48  Orbital Command  
  119  15:09  Refinery  
  119  15:12  Refinery  
  119  15:22  Marine  
  119  15:23  Marine x3  
  119  15:24  Marine x2  
Tags
 
Add a new tag
Caveats
  • Supply blocks, unpowered buildings, or Contaminate may cause inaccurate times.
  • Supply counts are checked every 10 seconds.